[Event "Late-Titled-Tuesday-Blitz-September-05-2023"]
[Site "Chess.com"]
[Date "2023.09.05"]
[Round "11"]
[White "SEBAZZANO"]
[Black "OYAcosta"]
[Result "1-0"]
[WhiteElo "2207"]
[BlackElo "2255"]
[TimeControl "180+1"]
[EndTime "16:06:55 PDT"]
[Termination "SEBAZZANO won by resignation"]

1. d4 d5 2. Bf4 Nf6 3. e3 c5 4. c3 Nc6 5. Nd2 Qb6 6. Qb3 c4 7. Qc2 Bg4 8. Be2 Bxe2 9. Nxe2 e6 10. O-O Qd8 11. b3 cxb3 12. axb3 Bd6 13. Bxd6 Qxd6 14. e4 dxe4 15. Nxe4 Nxe4 16. Qxe4 O-O 17. Rfd1 Rfd8 18.
Rd3 Qc7 19. Rh3 g6 20. Qe3 Rd5 21. Qh6 f6 22. Nf4 Rd6 23. Nxg6 Qg7 24. Qxg7+ Kxg7 25. Nf4 e5 26. dxe5 fxe5 27. Rg3+ Kf7 28. Nh3 Rad8 29. Rf1 h6 30. f4 e4 31. Re3 Re8 32. f5 Rd3 33.
Rfe1 Rxe3 34. Rxe3 Kf6 35. g4 Ne5 36. Nf2 Nf3+ 37.
Kg2 Kg5 38. Nxe4+ Kf4 39. Rxf3+ Kxe4 40. h4 Rd8 41. Kg3 Rd1 42. Rf2 Rg1+ 43. Kh2 Rxg4 44. f6 Rg8 45. Kh3 h5 46. f7 Rf8 47. Kg3 Ke5 48. Rf3 b5 49. c4 bxc4 50. bxc4 a5 51. Ra3 Rxf7 52. Rxa5+ Ke4 53. Rxh5 Rg7+ 54. Rg5 Rc7 55. c5 Ra7 56. Kg4 Rh7 57. h5 Rf7 58. Rg6 Kd5 59. c6 Rf1 60. Kg5 Rg1+ 61. Kh6 Rh1 62.
Rf6 Ke5 63. Rg6 Kf5 64. c7 Rc1 65. Rg7 Kf6 66. Kh7 Rc2 67. h6 Rc3 68. Rd7 Ke6 69. Rg7 Kf6 70. Kg8 Rc1 71. h7 Rc2 72. h8=Q Ke6 73.
Qh6+ Kd5 74. Qg5+ Kc6 75. c8=Q+ Kb6 76. Qg1+ 1-0

[Event "Late-Titled-Tuesday-Blitz-September-05-2023"]
[Site "Chess.com"]
[Date "2023.09.05"]
[Round "11"]
[White "farzadbfd"]
[Black "alexrustemov"]
[Result "1-0"]
[WhiteElo "2696"]
[BlackElo "2843"]
[TimeControl "180+1"]
[EndTime "16:06:59 PDT"]
[Termination "farzadbfd won by checkmate"]

1. d4 g6 2. Nf3 Bg7 3. Bf4 c5 4. c3 Qb6 5. Qb3 d6 6. e3 Be6 7. Qxb6 axb6 8. Bb5+ Bd7 9. Bxd7+ Nxd7 10. Nbd2 Ngf6 11. O-O Nd5 12. Bg3 b5 13. dxc5 dxc5 14.
Rfd1 N5b6 15. a3 Na4 16. Rab1 O-O 17. Ne4 Ndb6 18. Be5 f6 19. Bc7 Rfc8 20. Bxb6 Nxb6 21. b4 c4 22. Nd4 f5 23. Nc5 Na4 24. Nxa4 bxa4 25.
Kf1 Rd8 26. Nb5 Kf7 27. Ke2 e5 28. Nd6+ Ke7 29. Nxb7 Rxd1 30. Rxd1 e4 31. Na5 Rc8 32. Rc1 Rc7 33. Kd2 Be5 34. Kc2 h5 35. h3 Ke6 36.
Rd1 g5 37. Rd8 f4 38. b5 Rc5 39. Nc6 Rxb5 40. Re8+ Kd6 41. Nxe5 Rxe5 42. Rxe5 Kxe5 43.
Kd2 Kf5 44. g3 Ke5 45. Ke2 Kf5 46. Kf1 Ke5 47. Kg2 Kf5 48. Kh2 Ke5 49. Kg2 Kf5 50.
Kf1 h4 51. g4+ Ke5 52. Ke1 Kd5 53. Kd2 Ke5 54. Ke2 Ke6 55. Kd2 Kf6 56. Ke2 Ke5 57. Kd2 Kd6 58. Ke2 Ke7 59. Kd2 Kf6 60. Ke2 Kg7 61.
Kd2 Kf7 62. Ke2 Ke7 63. f3 fxe3 64. Kxe3 exf3 65. Kxf3 Kf6 66. Ke4 Ke6 67. Kd4 Kd6 68. Ke4 Ke6 69. Kd4 Kd6 70. Kxc4 Ke5 71. Kd3 Kf4 72. c4 Kg3 73. Ke3 Kxh3 74. Kf3 Kh2 75. c5 Kg1 76. c6 h3 77. c7 h2 78. c8=Q h1=Q+ 79. Ke3 Qh3+ 80. Ke2 Qxa3 81. Qc1+ Kh2 82. Qxa3 Kg2 83. Qf3+ Kh2 84. Kf2 a3 85. Qg2# 1-0

[Event "Late-Titled-Tuesday-Blitz-September-05-2023"]
[Site "Chess.com"]
[Date "2023.09.05"]
[Round "11"]
[White "Aradhya2000"]
[Black "TheRigos"]
[Result "0-1"]
[WhiteElo "2698"]
[BlackElo "2588"]
[TimeControl "180+1"]
[EndTime "16:07:02 PDT"]
[Termination "TheRigos won by checkmate"]

1. d4 Nf6 2. c4 g6 3. g3 Bg7 4.
Bg2 O-O 5. Nc3 d6 6. Nf3 Nc6 7. O-O a6 8. Bf4 h6 9. h3 Bd7 10. Rc1 Rb8 11. d5 Na5 12. c5 g5 13.
Bd2 Nc4 14. cxd6 exd6 15. b3 Nxd2 16. Qxd2 Re8 17. h4 g4 18. Nd4 Qe7 19. e3 Rbc8 20. Rc2 Qe5 21. Rfc1 c5 22. Nde2 Bf5 23. Rb2 Ne4 24. Nxe4 Qxb2 25. Qxb2 Bxb2 26. Nxd6 Bxc1 27. Nxc1 Bc2 28. Kf1 b5 29. Ke2 Red8 30. Nxc8 Rxc8 31. e4 c4 32. Kd2 Bb1 33. d6 Kf8 34. Ne2 Bxa2 35. b4 a5 36. Kc3 axb4+ 37. Kxb4 c3 38. d7 Rc4+ 39. Kxb5 Ke7 40. e5 c2 41. Bd5 c1=Q 42. Nxc1 Rxc1 43. Bxa2 Rc2 44. Bxf7 Kxd7 45. Bh5 Rxf2 46. Bxg4+ Ke7 47. Bc8 Rg2 48. g4 Re2 49. e6 Re5+ 50. Kb6 Re4 51. g5 h5 52. Kc5 Rxh4 53.
Kd5 Rg4 54. Ke5 Rxg5+ 55. Kf4 Rg1 56. Kf3 h4 57. Kf2 Rg8 58. Bb7 h3 59. Be4 Kxe6 60. Bf3 Ke5 61. Bd1 Kf4 62. Bb3 Rg5 63. Ba4 Rg3 64. Bc6 Kg4 65. Bd7+ Kf4 66. Bc6 Rc3 67.
Bd5 Rc2+ 68. Kg1 Kg3 69. Kf1 Rc1+ 70. Ke2 h2 71. Kd2 Ra1 72. Ke2 h1=Q 73. Bxh1 Rxh1 74.
Kd3 Re1 75. Kc4 Kf4 76. Kb5 Rc1 77. Ka6 Ke4 78. Kb7 Kd5 79. Kb6 Rc5 80. Kb7 Rc6 81. Ka7 Kc5 82. Kb7 Kb5 83. Ka7 Rb6 84.
Ka8 Kc6 85. Ka7 Kc7 86. Ka8 Ra6# 0-1

[Event "Late-Titled-Tuesday-Blitz-September-05-2023"]
[Site "Chess.com"]
[Date "2023.09.05"]
[Round "11"]
[White "mbojan"]
[Black "GianmarcoVaR"]
[Result "1-0"]
[WhiteElo "2800"]
[BlackElo "2619"]
[TimeControl "180+1"]
[EndTime "16:07:04 PDT"]
[Termination "mbojan won by resignation"]

1. a3 f6 2. h3 c5 3. b4 e5 4. bxc5 Bxc5 5. c3 d5 6. d4 Bb6 7. dxe5 Nc6 8. e4 Be6 9. exd5 Bxd5 10. Nf3 fxe5 11. Bb5 Bxf2+ 12. Kxf2 Qb6+ 13. Be3 Qxb5 14. c4 Qxc4 15. Nbd2 Qd3 16. Qb1 Qxb1 17. Rhxb1 O-O-O 18. a4 Nf6 19. a5 Ne4+ 20. Nxe4 Bxe4 21. Rb5 a6 22.
Rb3 Rhf8 23. Bb6 Bd5 24. Rc3 Bxf3 25. gxf3 Rd2+ 26. Ke3 Rh2 27. Rd1 Rxh3 28. Ke4 Rh4+ 29. Ke3 Rh3 30. Ke4 Rf4+ 31. Kd5 Rh6 32. Kc5 e4 33. fxe4 Rxe4 34. Rd5 Rb4 35. Rd8+ Nxd8 36. Kxb4+ Nc6+ 37. Kc4 Rh4+ 38. Kd5 Kd7 39. Rf3 Rh5+ 40. Ke4 Re5+ 41. Kf4 Re6 42. Rd3+ Rd6 43. Re3 Rf6+ 44. Kg5 h6+ 45. Kh5 Rf5+ 46. Kg6 Rg5+ 47. Kf7 Nxa5 48.
Rd3+ Kc6 49. Be3 Rg4 50. Rc3+ Nc4 51. Bc1 b5 52. Ke6 a5 53. Rd3 a4 54. Kf5 h5 55.
Rd8 g6+ 56. Kf6 Kc5 57. Rc8+ Kb4 58. Bh6 h4 59. Ke6 h3 60. Bf8+ Kb3 61. Bc5 Rg5 62.
Be7 Rh5 63. Rb8 Re5+ 64. Kf6 Rh5 65. Kxg6 h2 66. Kxh5 h1=Q+ 67. Kg6 Qe4+ 68. Kg7 Qe5+ 69. Kf7 Qf5+ 70. Ke8 Qf6 71. Bxf6 Nd6+ 72. Kd7 Ne4 73. Rxb5+ Kc4 74. Ra5 Nxf6+ 75. Ke6 Ne4 76. Rxa4+ Kd3 77. Ke5 Nc3 78. Rd4+ Ke3 79. Rc4 Kd3 80. Rh4 Kc2 81. Kd4 Kb3 82. Rh3 Kb4 83. Rxc3 Kb5 84. Rc4 Kb6 85.
Rc5 Ka6 86. Kd5 Kb6 87. Kd6 Kb7 88. Rc6 Ka7 89. Kc7 1-0

[Event "Late-Titled-Tuesday-Blitz-September-05-2023"]
[Site "Chess.com"]
[Date "2023.09.05"]
[Round "11"]
[White "szachuspl"]
[Black "ameetghasi100"]
[Result "0-1"]
[WhiteElo "2548"]
[BlackElo "2692"]
[TimeControl "180+1"]
[EndTime "16:07:25 PDT"]
[Termination "ameetghasi100 won on time"]

1. d4 Nf6 2. c4 g6 3. Nc3 Bg7 4. e4 d6 5. Be2 O-O 6. Nf3 Bg4 7. Be3 a6 8. O-O Nfd7 9. h3 Bxf3 10. Bxf3 c5 11. d5 b5 12. Be2 Qa5 13. Bd2 bxc4 14. Bxc4 Qb4 15. Qe2 Ne5 16. Bb3 c4 17. Bc2 Qxb2 18.
Rfc1 Nbd7 19. Rab1 Qa3 20. f4 Nd3 21. Bxd3 cxd3 22.
Qxd3 Nc5 23. Qf3 Rab8 24. Kh2 Rb2 25. Rxb2 Qxb2 26. Qe3 Rc8 27. Rb1 Qa3 28. e5 dxe5 29.
fxe5 e6 30. d6 Nd7 31. Rb3 Qa5 32. Kh1 Qxe5 33. Qxe5 Bxe5 34. Ne4 f5 35. Ng5 Rc2 36. Be3 f4 37. Bg1 Rc1 38. Rb7 Bd4 39. Nf3 Bxg1 40. Nxg1 Nf6 41. g4 g5 42. Re7 Rd1 43. Rxe6 Kf7 44.
Re7+ Kf8 45. Re6 Nd7 46. Kg2 Nc5 47. Rf6+ Kg7 48. Rf5 Ne6 49. Nf3 h6 50. Ra5 Rxd6 51. Kf2 Rb6 52. Ke2 Kf6 53. Kd3 Rd6+ 54. Ke4 Rb6 55.
Rf5+ Ke7 56. Ra5 Kd6 57. Kf5 Ke7 58. Ne5 Ng7+ 59. Ke4 Ne6 60. Ng6+ Kf6 61. Ne5 Rd6 62. Nc4 Rd4+ 63. Kf3 Rxc4 64. Rxa6 Rc3+ 65. Ke4 Re3+ 66. Kd5 Re5+ 67. Kd6 f3 68. Ra3 Nd4 69. Ra8 Re6+ 70. Kd5 Ne2 71. Rf8+ Ke7 72. Rxf3 Nf4+ 73. Kc5 Ra6 74.
a3 Ra4 75. Kb5 Ra8 76. a4 Ke6 77.
a5 Ke5 78. a6 Nd5 79. Rf5+ Kd6 80. Rf1 Nc7+ 81. Kc4 Rxa6 82. Rf6+ Kd7 83. Rf7+ Kd8 84. Rh7 Ne8 85. Kd4 Rd6+ 86. Ke5 Rb6 87. Rh8 Ke7 88.
Rh7+ Kf8 89. Kf5 Ng7+ 90. Ke5 Kg8 0-1

[Event "Late-Titled-Tuesday-Blitz-September-05-2023"]
[Site "Chess.com"]
[Date "2023.09.05"]
[Round "11"]
[White "Sanan_Sjugirov"]
[Black "JoakimVonAnd"]
[Result "1-0"]
[WhiteElo "2897"]
[BlackElo "2723"]
[TimeControl "180+1"]
[EndTime "16:07:28 PDT"]
[Termination "Sanan_Sjugirov won by checkmate"]

1. Nf3 d5 2. e3 Nf6 3. b3 Bf5 4. Be2 e6 5. Nh4 Be4 6. d3 Bg6 7. Bb2 c5 8. Nd2 Nc6 9. O-O Bd6 10. g3 O-O 11. Nxg6 hxg6 12. e4 dxe4 13. dxe4 Be5 14. c3 Bc7 15. Qc2 Qe7 16. f4 Rfd8 17. Rad1 Rd7 18.
e5 Nd5 19. Qe4 Rad8 20. Nf3 a6 21. h4 c4 22. Kh2 cxb3 23. axb3 Bb6 24. Rfe1 Ne3 25.
Rxd7 Qxd7 26. Bc1 Ng4+ 27. Kg2 Nf2 28. Qc2 Ng4 29. Rd1 Qe7 30. Rxd8+ Qxd8 31. Qe4 Nf2 32. Qc2 Ng4 33. Qd3 Ne3+ 34. Kh3 Nd5 35. Bd2 Ba5 36.
b4 Bb6 37. Ng5 Nde7 38. Qxd8+ Bxd8 39. Ne4 a5 40. b5 Na7 41. c4 Nf5 42. Nd6 Nxd6 43.
exd6 Nc8 44. c5 b6 45. d7 Na7 46. c6 f6 47. Bc4 Kf7 48. g4 Ke7 49. h5 gxh5 50.
gxh5 Kd6 51. Kg4 Kc5 52. Bxe6 Nxb5 53. Ba2 Kxc6 54. Kf5 Kxd7 55. Kg6 Nd6 56. Kxg7 Bc7 57. h6 Nf5+ 58. Kg6 Nxh6 59. Kxh6 b5 60. Kg6 b4 61.
Bb3 Kc6 62. Ba4+ Kc5 63. Kxf6 Kc4 64. f5 b3 65. Ke6 b2 66. Bc2 Bd8 67. f6 Bxf6 68.
Kxf6 a4 69. Bf4 a3 70. Be5 Kd5 71. Kf5 Kc4 72. Ke4 Kb4 73. Kd4 b1=Q 74. Bxb1 Kb3 75. Kd3 a2 76. Bc2+ Ka3 77. Ba1 Kb4 78. Kd2 Ka3 79. Kc1 Kb4 80. Kb2 Kc4 81. Bb3+ Kb5 82. Bxa2 Kc5 83. Kc2 Kb5 84. Bc3 Kc5 85. Bb3 Kb6 86.
Kd3 Kc5 87. Bd4+ Kc6 88. Bc4 Kd6 89. Ke4 Kc6 90. Bd5+ Kd6 91. Be5+ Kd7 92. Kf5 Ke7 93.
Bc6 Kd8 94. Bd6 Kc8 95. Ke6 Kd8 96. Be5 Kc8 97. Kd6 Kd8 98. Bf6+ Kc8 99. Bg5 Kb8 100. Kd7 Ka7 101. Kc7 Ka6 102. Bd2 Ka7 103. Bd5 Ka6 104. Bc4+ Ka7 105. Be3+ Ka8 106. Bd5# 1-0

[Event "Late-Titled-Tuesday-Blitz-September-05-2023"]
[Site "Chess.com"]
[Date "2023.09.05"]
[Round "11"]
[White "MITerryble"]
[Black "HansOnTwitch"]
[Result "1-0"]
[WhiteElo "2939"]
[BlackElo "3014"]
[TimeControl "180+1"]
[EndTime "16:09:18 PDT"]
[Termination "MITerryble won by resignation"]

1. Nf3 d5 2. a3 Nf6 3. b4 Bg4 4. Bb2 e6 5. h3 Bh5 6. d3 Nbd7 7.
Nbd2 Bd6 8. e3 O-O 9. g4 Bg6 10. Nh4 a5 11. b5 c6 12. bxc6 bxc6 13. Bg2 Rb8 14. Rb1 a4 15. Nxg6 hxg6 16. O-O Qa5 17. c4 Nc5 18. Qc2 Qa6 19. Bc3 Ncd7 20. Bd4 Ra8 21. c5 Be7 22. f4 Rfb8 23. Bxf6 Nxf6 24.
d4 Rxb1 25. Rxb1 Bd8 26. Bf1 Qa7 27. Bd3 Nd7 28. Nf3 Bc7 29. g5 Nf8 30. Kg2 Rb8 31. Rxb8 Bxb8 32. Be2 e5 33. fxe5 Ne6 34. Bd1 Qa5 35.
h4 Bc7 36. Qxa4 Qc3 37. Qb3 Qc1 38. Kf2 Ba5 39. a4 Bc3 40. Qc2 Qa3 41. Qb3 Qc1 42.
Qc2 Qa3 43. Ke2 Ba5 44. Qb3 Qc1 45. Qd3 Qb2+ 46. Bc2 Qa1 47. Qd1 Qc3 48. Qb1 Qc4+ 49. Kf2 Qc3 50. Qb3 Qa1 51. Qb1 Qc3 52. Qd1 Qa3 53.
Qe2 Qc3 54. Kg2 Qa1 55. Qd3 Qc1 56. Kf2 Qb2 57. Ke2 Qa1 58. Bb1 Qb2+ 59. Qc2 Qb4 60.
Ba2 Qa3 61. Bb3 Qa1 62. Qa2 Qh1 63. Kf2 Qh3 64. Qe2 Qh1 65. Bd1 Qh3 66. Bc2 Qg4 67.
Qf1 Kf8 68. Qg2 Qh5 69. Qh3 Ke7 70. Kg3 Qh8 71. Qg4 Qb8 72. Qh3 Qb2 73. Qg2 Qc1 74. Qe2 Bc3 75. Kf2 Qh1 76. Qf1 Qxf1+ 77. Kxf1 Ba5 78.
Ke2 Nc7 79. Bd3 Ne6 80. Kf2 Kf8 81. Kg3 Bb4 82. Kf2 Ke7 83. Ke2 Ba5 84. Kd1 Bb4 85.
Nd2 f6 86. exf6+ gxf6 87. Bxg6 fxg5 88. hxg5 Nxg5 89. Ke2 Ne6 90. Bf5 Nc7 91. Nb3 Kd8 92. Nc1 Na6 93. Nd3 Ba5 94. Ne5 Nb4 95. Bd7 Kc7 96.
Be8 Kb7 97. Kf3 Bc7 98. Ng4 Nc2 99. Bg6 Nb4 100. Ke2 Bd8 101. Ne5 Bf6 102. Nf7 Kc7 103. Nd6 Bg5 104. Nf7 Bf6 105. Kd2 Na6 106. Nd6 Be7 107. Nf5 Bd8 108. Kc3 Kd7 109. Nd6 Ba5+ 110. Kd3 Nb4+ 111. Ke2 Na2 112. Bf5+ Kc7 113. Bc2 Nc3+ 114. Kf3 Na2 115. Ne8+ Kd7 116. Nf6+ Kc7 117. Ng4 Nb4 118. Bb1 Na6 119. Ne5 Nb4 120. Ng4 Kd7 121. e4 dxe4+ 122. Bxe4 Kc7 123. Ke3 Kb7 124. Ne5 Bc7 125. Nc4 Ka6 126. Kd2 Nd5 127. Bxd5 cxd5 128. Ne3 Ka5 129. Nxd5 Bb8 130. Kc3 Kxa4 131. Ne7 Kb5 132. Kd3 Ba7 133. c6 Bb6 134. Ke4 Bd8 135. Kd5 Kb6 136. Nc8+ Kc7 137. Nd6 Be7 138. Nf5 Ba3 139. Ng7 Bb2 140. Ne6+ Kc8 141. Kd6 Ba3+ 142. Kd5 Bb2 143. Kc4 Ba3 144. d5 Bd6 145. Kd4 Ba3 146. Ke5 Bb2+ 147. Kf5 Ba3 148. Ke4 Bd6 149. Kd4 Ba3 150. Kc4 Bd6 151. Nd4 Be5 152. Nb5 Kd8 153. d6 1-0